 Dungeon Crawl Stone Soup version 0.32-a0-422-g28b100f618 (webtiles) character file.

Game seed: 17553472113013911468

105 Sobieck the Vexing (level 4, -1/33 HPs)
             Began as a Coglin Hexslinger on Feb 21, 2024.
             Slain by an orc wizard
             ... wielding a +0 dagger
              (4 damage)
             ... on level 3 of the Dungeon.
             The game lasted 00:02:48 (1690 turns).

Sobieck the Vexing (Coglin Hexslinger)              Turns: 1690, Time: 00:02:49

Health: -1/33      AC:  2    Str:  8 (9)  XL:     4   Next: 83%
Magic:  6/6        EV: 12    Int: 11 (12) God:
Gold:   86         SH:  0    Dex: 18 (20) Spells: 4/6 levels left

rFire   . . .        a - +1 sling {Yongsun}
rCold   . . .        d - +0 sling {Tihomir}
rNeg    . . .        c - +0 robe
rPois   .            (no helmet)
rElec   .            (no cloak)
rCorr   .            (no gloves)
SInv    .            (no boots)
Will    .....        (no amulet)
Stlth   +++          (no ring)
HPRegen 0.25/turn    (no ring)
MPRegen 0.10/turn

%: no passive effects
@: brilliant, on berserk cooldown, slowed, revving, very slow
A: off-hand wielding, slow wielding, warmup strikes, legs shutdown, thin
skeletal structure 1, deterioration 1
a: no special abilities


You were on level 3 of the Dungeon.
You visited 1 branch of the dungeon, and saw 3 of its levels.

You collected 107 gold pieces.
You spent 21 gold pieces at shops.

Inventory:

Hand Weapons
 a - a +1 sling (weapon) {Yongsun}
 d - a +0 sling (offhand) {Tihomir}
 m - the +10 war axe of Rinn {flame, *Slow rElec rC+ Str+3}
   (You found it on level 2 of the Dungeon)

   Str+3:     It affects your strength (+3).
   rC+:       It protects you from cold.
   rElec:     It insulates you from electricity.
   *Slow:     It may slow you when you take damage.
Missiles
 F - 5 curare-tipped darts
Armour
 c - a +0 robe (worn)
Wands
 V - a wand of flame (21)
Scrolls
 b - a scroll of poison
 e - a scroll of fear {unknown}
 f - 3 scrolls of identify {unknown}
 h - 2 scrolls of blinking {unknown}
 k - a scroll of amnesia {unknown}
 l - a scroll of teleportation {unknown}
 n - a scroll of immolation {unknown}


   Skills:
 + Level 2.0 Fighting
 * Level 3.1 Ranged Weapons
 - Level 1.7 Dodging
 + Level 1.8 Spellcasting
 + Level 3.2 Hexes
 - Level 0.8 Fire Magic


You had 4 spell levels left.
You knew the following spells:

 Your Spells              Type           Power      Damage    Failure   Level
a - Jinxbite              Hex            24%        N/A       12%         2

Your spell library contained the following spells:

 Spells                   Type           Power      Damage    Failure   Level
 Sigil of Binding         Hex            12%        N/A       24%         3
 Inner Flame              Hex/Fire       8%         N/A       36%         3
 Blink                    Tloc           2%         N/A       41%         2
 Lesser Beckoning         Tloc           2%         N/A       41%         2
 Momentum Strike          Conj/Tloc      2%         3d8       41%         2
 Cause Fear               Hex            6%         N/A       61%         4
 Dimensional Bullseye     Hex/Tloc       3%         N/A       83%         4
 Alistair's Intoxication  Alch           0%         N/A       100%        5
 Borgnjor's Vile Clutch   Necr/Erth      0%         N/A       100%        5
 Eringya's Noxious Bog    Alch           0%         4d6       100%        6


Dungeon Overview and Level Annotations

Branches:
Dungeon (3/15)

Altars:

Shops:
D:1 *   D:2 =


Innate Abilities, Weirdness & Mutations

You can wield a second weapon in your off-hand.
It takes a long time for you to wield or remove held weapons.
Your first few attacks do less damage.
Attacking and casting redirects power from your legs.
You have a somewhat thin skeletal structure. (Dex +2, Stealth+)
Your body sometimes deteriorates upon taking damage.


Message History

Deactivating autopickup; reactivate with Ctrl-A.
It was a potion of berserk rage.
A red film seems to cover your vision as you go berserk!
You feel yourself moving faster!
You feel mighty!
A puff of flame appears from out of thin air!
The puff of flame hits you!
* * * LOW HITPOINT WARNING * * *
Unknown command.
Unknown command.
You are too berserk!
Unknown command.
You bump into the rock wall.
You feel a strong urge to attack something.
Unknown command.
The orc barely misses you.
You feel your anger nearly subside.
Unknown command.
You barely miss something with your +1 sling.
You hit something with your +0 sling!
You feel less confused.
You are no longer berserk.
You are exhausted.
You feel yourself slow down. Something hits you.
* * * LOW HITPOINT WARNING * * *
The endoplasm freezes you.
You are frozen.
* * * LOW HITPOINT WARNING * * *
The endoplasm closely misses you. Something hits you.
* * * LOW HITPOINT WARNING * * *
The orc closely misses you.
Danger!
Unknown command.
You shoot a sling bullet. The sling bullet hits the orc.
The orc is heavily wounded.
You shoot a sling bullet.
The sling bullet closely misses the orc.
The endoplasm hits you.
* * * LOW HITPOINT WARNING * * *
The orc hits you with a +0 club.
* * * LOW HITPOINT WARNING * * *
Something hits you but does no damage. The orc hits you but does no damage.
Unknown command.
Unknown command.
It was a potion of mutation.
You feel extremely strange.
You feel yourself wasting away.
Your thoughts seem clearer.
Your thinking seems confused.
Your bones become slightly less dense.
You are no longer unable to travel.
The orc misses you. The orc hits you with a +0 mace.
* * * LOW HITPOINT WARNING * * *
Something hits you.
You die...

### .># #.# #.#
###.#
############...#
.......@o!.).#.#
......Jo######.#
........# #.#
.....).## #.#
....... #)#
###+### #.# #.#
.# #.###.#
#.#....


You could see 2 orcs and an endoplasm.

Vanquished Creatures
  An orc wizard (D:3)
  An adder (D:2)
  A ribbon worm (D:2)
  An orc (D:3)
  2 ball pythons (D:2)
  3 bats (D:1)
  2 endoplasms (D:2)
  A giant cockroach (D:2)
  5 goblins
  5 hobgoblins (D:2)
  6 jackals
  5 kobolds
  A quokka (D:1)
  3 frilled lizards
  A rat (D:1)
38 creatures vanquished.

Notes
Turn   | Place    | Note
-------+----------+-------------------------------------------
     0 | D:1      | Sobieck the Coglin Hexslinger began the quest for the Orb.
     0 | D:1      | Reached XP level 1. HP: 15/15 MP: 2/2
   119 | D:1      | Reached XP level 2. HP: 21/21 MP: 3/3
   170 | D:1      | Found Xeydd's Assorted Antiques.
   177 | D:1      | Bought a green potion for 21 gold pieces
   447 | D:1      | Reached XP level 3. HP: 25/26 MP: 4/4
   457 | D:1      | Learned a level 2 spell: Jinxbite
  1063 | D:2      | Reached skill level 3 in Hexes
  1175 | D:2      | Identified the +10 war axe of Rinn {flame, *Slow rElec rC+
                  | Str+3}
  1202 | D:2      | Reached XP level 4. HP: 33/33 MP: 6/6
  1254 | D:2      | Found Xaedig's Jewellery Shoppe.
  1668 | D:3      | Reached skill level 3 in Ranged Weapons
  1690 | D:3      | Gained mutation: Your body sometimes deteriorates upon
                  | taking damage. [potion of mutation]
  1690 | D:3      | Gained mutation: You possess an exceptional clarity of
                  | mind. [potion of mutation]
  1690 | D:3      | Lost mutation: You possess an exceptional clarity of mind.
                  | [potion of mutation]
  1690 | D:3      | Gained mutation: You have a somewhat thin skeletal
                  | structure. (Dex +2, Stealth+) [potion of mutation]
  1690 | D:3      | Slain by an orc wizard

Illustrated notes

Levels and vault maps discovered:
D:1:      psy_arrival_radial02, layout_loops_corners, serial_shops, shop,
          hex_medium, hangedman_decor_points, minmay_tromino_v4_b
D:2:      layout_loops_ring, serial_shops, nicolae_shop_gaudy_bauble
D:3:      layout_basic, kiku_gazebo_pond_becter, minmay_door_square

Skill      XL: |  1  2  3  4 |
---------------+-------------+-----
Ranged Weapons | 2 3 |  3.1
Hexes          | 3 |  3.2
Fighting       | 2 |  2.0
Dodging        | |  1.7
Spellcasting   | |  1.8
Fire Magic     | |  0.8

Action                     |  1- 3 |  4- 6 || total
---------------------------+-------+-------++-------
  Melee: Sling             |       |     2 ||     2
   Fire: Sling             |   116 |    42 ||   158
    Use: Potion            |       |     4 ||     4
 Armour: Robe              |     9 |    13 ||    22
  Dodge: Dodged            |    11 |     6 ||    17

Table legend: (Time is in decaauts)
 A = Elapsed time spent in this place.
 B = Non-inter-level travel time spent in this place.
 C = Inter-level travel time spent in this place.
 D = Time resting spent in this place.
 E = Time spent auto-exploring this place.
 F = Levels seen in this place.
 G = Mean time per level.
                   A        B        C        D        E       F      G
               +--------+--------+--------+--------+--------+-----+--------+
         Total |   1709 |   1660 |     49 |      0 |   1454 |   3 |  569.7 |
       Dungeon |   1709 |   1660 |     49 |      0 |   1454 |   3 |  569.7 |
               +--------+--------+--------+--------+--------+-----+--------+

Top non-repeatable levels by time:
     D:1: 1041 daAuts
     D:2: 572 daAuts
     D:3: 95 daAuts
